[Event "Team 45 45 League T62"]
[Site "Internet Chess Club"]
[Date "2014.08.30"]
[Round "1"]
[White "lionking819"]
[Black "Heian"]
[Result "0-1"]
[WhiteElo "1797"]
[BlackElo "1464"]
[Opening "Ruy Lopez: Classical defense deferred"]
[ECO "C70"]
[Time "13:01:00"]
[TimeControl "2700+45"]

1. e4 e5 2. Nf3 Nc6 3. Bb5 a6 4. Ba4 Bc5 5. O-O b5 6. Bb3 d6 7. c3 Bg4 8. d3 Qf6
9. Nbd2 Nge7 10. h3 h5 11. Qe1 Ng6 12. Nh2 Nf4 13. Ndf3 Nxh3+ 14. Kh1 Nf4 15. d4
Bb6 16. dxe5 Nxe5 17. Nxe5 dxe5 18. Be3 Rd8 19. f3 Bc8 20. Bxb6 Qxb6 21. g3 Nd3
22. Qe2 Bh3 23. Rfb1 Nf2+ 24. Kg1 Nxe4+ 25. Kh1 Nxg3# {White checkmated} 0-1

[Event "Team 45 45 League T62"]
[Site "Internet Chess Club"]
[Date "2014.08.29"]
[Round "1"]
[White "QuieroAprender"]
[Black "rl154"]
[Result "1-0"]
[WhiteElo "1648"]
[BlackElo "1529"]
[Opening "Giuoco Piano: Greco's attack"]
[ECO "C54"]
[Time "19:31:46"]
[TimeControl "2700+45"]

1. e4 e5 2. Nf3 Nc6 3. Bc4 Bc5 4. c3 Nf6 5. d4 exd4 6. cxd4 Bb4+ 7. Nc3 O-O 8.
e5 Ne4 9. Qc2 Nxc3 10. bxc3 Be7 11. Bd3 g6 12. Bh6 Re8 13. h4 d6 14. h5 dxe5 15.
hxg6 exd4 16. gxf7+ Kxf7 17. Bc4+ Be6 18. Qxh7+ Kf6 19. Bg5# {Black checkmated}
1-0

[Event "Team 45 45 League T62"]
[Site "Internet Chess Club"]
[Date "2014.08.31"]
[Round "1"]
[White "QuieroAprender"]
[Black "Chess4Him"]
[Result "1/2-1/2"]
[WhiteElo "1659"]
[BlackElo "1541"]
[Opening "Robatsch (modern) defense"]
[ECO "B06"]
[Time "17:03:12"]
[TimeControl "2700+45"]

1. e4 g6 2. d4 Bg7 3. Nf3 d6 4. b3 Nd7 5. Bb2 a6 6. c4 b6 7. Bd3 c5 8. e5 dxe5
9. dxe5 e6 10. Be4 Rb8 11. O-O Ne7 12. Qc2 {Game drawn by mutual agreement}
1/2-1/2

[Event "Team 45 45 League T62"]
[Site "Internet Chess Club"]
[Date "2014.09.07"]
[Round "1"]
[White "okieman888"]
[Black "houseofcook"]
[Result "1-0"]
[WhiteElo "1517"]
[BlackElo "1465"]
[Opening "French: Burn variation"]
[ECO "C11"]
[Time "12:03:33"]
[TimeControl "2700+45"]

1. e4 e6 2. d4 d5 3. Nc3 Nf6 4. Bg5 dxe4 5. Nxe4 Be7 6. Bxf6 Bxf6 7. Nf3 O-O 8.
Qd2 Nd7 9. O-O-O b6 10. Bd3 Bb7 11. Qf4 Be7 12. h4 h6 13. g4 Nf6 14. Nxf6+ Bxf6
15. g5 Bxf3 16. Qxf3 hxg5 17. hxg5 Bxg5+ 18. Kb1 Bh6 19. Qe4 f5 20. Qxe6+ Kh8
21. Rxh6+ gxh6 22. Qxh6+ Kg8 23. Qg6+ {Black resigns} 1-0

[Event "Team 45 45 League T62"]
[Site "Internet Chess Club"]
[Date "2014.08.30"]
[Round "1"]
[White "Gilguli"]
[Black "jjaillet2007"]
[Result "1-0"]
[WhiteElo "1329"]
[BlackElo "1279"]
[Opening "French: exchange, Svenonius variation"]
[ECO "C01"]
[Time "08:21:48"]
[TimeControl "2700+45"]

1. d4 d5 2. e4 e6 3. exd5 exd5 4. Nc3 Nf6 5. Bg5 Bb4 6. Qf3 Bxc3+ 7. Qxc3 h6 8.
Bxf6 Qxf6 9. Qxc7 O-O 10. O-O-O Qxf2 11. Bd3 Qxg2 12. Ne2 Nd7 13. Nf4 Qg5 14.
Rhg1 Qd8 15. Qxd8 Rxd8 16. Nxd5 b6 17. Be4 Rb8 18. Ne7+ Kf8 19. Nc6 Ba6 20. Bf5
Ra8 21. Nxd8 Rxd8 22. d5 Nc5 23. d6 g6 24. Bh3 Ne4 25. Rd4 Nxd6 26. Rgd1 Ke7 27.
Re1+ Kf8 28. Re3 Nb7 29. Rxd8+ Nxd8 30. Bd7 Bc4 31. Re8+ Kg7 32. Rxd8 Be6 33.
Bxe6 fxe6 34. Rd7+ Kf6 35. Rxa7 h5 36. Ra4 Kf5 37. Kd2 e5 38. Ke3 g5 39. Rb4 g4
40. Rxb6 h4 41. Rb8 g3 42. hxg3 hxg3 43. Rg8 e4 44. a4 {Black resigns} 1-0

[Event "Team 45 45 League T62"]
[Site "Internet Chess Club"]
[Date "2014.08.31"]
[Round "1"]
[White "stantheman59"]
[Black "JohLeb"]
[Result "0-1"]
[WhiteElo "1244"]
[BlackElo "1361"]
[Opening "Sicilian"]
[ECO "B54"]
[Time "13:05:53"]
[TimeControl "2700+45"]

1. e4 c5 2. Nf3 d6 3. d4 cxd4 4. Nxd4 e5 5. Nb3 Nf6 6. Nc3 Be6 7. Bb5+ Nbd7 8.
h3 a6 9. Be2 Be7 10. Be3 O-O 11. O-O Rc8 12. Nd5 Nxe4 13. Nxe7+ Qxe7 14. Bd3
Nec5 15. Nxc5 Nxc5 16. a3 Nxd3 17. cxd3 f5 18. f4 Rf6 19. Rc1 Rxc1 20. Qxc1 Rg6
21. Qe1 Bd5 22. Rf2 exf4 23. Bd2 Qxe1+ 24. Bxe1 f3 25. Rc2 Bc6 26. g3 Re6 27.
Kf2 h5 28. h4 f4 29. gxf4 Rg6 30. Ke3 Rg2 31. Bf2 Kf7 32. d4 Kf6 33. Rd2 Bd5 34.
b4 Kf5 35. Rc2 Rg4 36. Rc7 g6 37. Rd7 Rxf4 38. Rxd6 Re4+ 39. Kd3 Bc6 40. Kc4 Re2
41. d5 Bb5+ 42. Kc5 Rxf2 43. Rd8 Kg4 44. d6 Rc2+ 45. Kb6 f2 46. Rf8 Kg3 47. d7
Bxd7 48. Kxb7 Bc6+ 49. Kxa6 Bf3 50. b5 f1=Q 51. Ka5 Rb2 52. a4 Qe1+ {White
resigns} 0-1

[Event "Team 45 45 League T62"]
[Site "Internet Chess Club"]
[Date "2014.09.01"]
[Round "1"]
[White "Electryon"]
[Black "Elalfer"]
[Result "1/2-1/2"]
[WhiteElo "1480"]
[BlackElo "1469"]
[Opening "English opening"]
[ECO "A20"]
[Time "11:02:43"]
[TimeControl "2700+45"]

1. c4 e5 2. g3 Nf6 3. Bg2 Be7 4. Bf1 O-O 5. Nc3 d5 6. cxd5 Nxd5 7. Bg2 c6 8. Nf3
Qc7 9. O-O Be6 10. d4 exd4 11. Nxd4 Nxc3 12. Nxe6 fxe6 13. bxc3 Nd7 14. Bf4 e5
15. Qb3+ Kh8 16. Be3 Nc5 17. Qc4 b6 18. a4 Rad8 19. Bxc5 Bxc5 20. a5 Rf6 21.
axb6 Bxb6 22. e3 Qf7 23. Qxf7 Rxf7 24. Bxc6 Rc7 25. Ba4 Rxc3 26. Rad1 Rxd1 27.
Rxd1 g5 28. Rd5 Rc5 29. e4 Rc4 30. Bb5 Rxe4 31. Kg2 Re1 32. Rd7 Rc1 33. Bd3 Rc7
34. Rd5 Re7 35. f3 Kg7 36. Kh3 h6 37. Kg4 Bd4 {Game drawn by mutual agreement}
1/2-1/2

[Event "Team 45 45 League T62"]
[Site "Internet Chess Club"]
[Date "2014.08.31"]
[Round "1"]
[White "Berke"]
[Black "ChessMaine"]
[Result "1-0"]
[WhiteElo "1599"]
[BlackElo "1490"]
[Opening "Queen's pawn, Mason variation"]
[ECO "D00"]
[Time "05:00:34"]
[TimeControl "2700+45"]

1. d4 d5 2. Bf4 e6 3. Nf3 c5 4. e3 Nf6 5. c3 Nc6 6. Nbd2 Bd6 7. Bg3 cxd4 8. exd4
O-O 9. Bd3 Re8 10. Ne5 Qc7 11. f4 Nd7 12. O-O f5 13. Bh4 Be7 14. Qe1 Bxh4 15.
Qxh4 Nf6 16. h3 a5 17. a4 b6 18. Nxc6 Ne4 19. Nf3 Bb7 20. Nce5 Rf8 21. Ng5 Nd6
22. Qxh7# {Black checkmated} 1-0

[Event "Team 45 45 League T62"]
[Site "Internet Chess Club"]
[Date "2014.09.01"]
[Round "1"]
[White "seattleblues"]
[Black "tamky70"]
[Result "1/2-1/2"]
[WhiteElo "1443"]
[BlackElo "1406"]
[Opening "Dutch"]
[ECO "A80"]
[Time "19:31:02"]
[TimeControl "2700+45"]

1. d4 f5 2. Nf3 Nf6 3. Bf4 e6 4. e3 Be7 5. Be2 O-O 6. Nbd2 b6 7. c3 Bb7 8. Qc2
Qe8 9. Nc4 d6 10. O-O h6 11. h3 Nbd7 12. Rad1 Ne4 13. Ncd2 Ng5 14. Nxg5 hxg5 15.
Bh2 Nf6 16. Bd3 g6 17. e4 Nh5 18. exf5 gxf5 19. Rde1 Nf4 20. Bxf4 gxf4 21. Rxe6
Bd5 22. Ree1 Qg6 23. f3 Bh4 24. Re2 Rae8 25. Rxe8 Rxe8 26. Bxf5 Qf6 27. Bh7+ Kg7
28. Ne4 Bxe4 29. Bxe4 Bg3 30. Qa4 Rh8 31. Qd7+ Qf7 32. Qg4+ Kf6 33. Qf5+ Ke7 34.
Qg5+ Qf6 35. Qg4 Rh4 36. Qc8 c5 37. Qc7+ Kf8 38. Qc8+ Kg7 39. Qd7+ Qf7 40. Qxd6
Rh6 41. Qe5+ Qf6 42. Qc7+ Qf7 43. Qxf7+ Kxf7 44. dxc5 bxc5 45. Rd1 Ke7 46. Rd5
Rd6 47. Rxd6 Kxd6 48. Kf1 c4 49. Bb7 Kc5 50. Ke2 a5 51. Kd2 a4 52. Kc2 Kb6 53.
Bd5 Kc5 54. Bg8 Bh4 55. b3 axb3+ 56. axb3 cxb3+ 57. Bxb3 Bf6 58. c4 Kd4 59. Ba2
Be7 60. Kb3 Ke3 61. Ka4 Kf2 62. Kb5 Kxg2 63. c5 Kxf3 64. c6 Bd6 65. Kb6 Kg3 66.
c7 Bxc7+ 67. Kxc7 Kxh3 68. Bd5 Kg3 {Game drawn by mutual agreement} 1/2-1/2

[Event "Team 45 45 League T62"]
[Site "Internet Chess Club"]
[Date "2014.08.30"]
[Round "1"]
[White "QuimCatala"]
[Black "Conjurer"]
[Result "1-0"]
[WhiteElo "1463"]
[BlackElo "1301"]
[Opening "Sicilian: dragon, Yugoslav attack, 7...O-O"]
[ECO "B76"]
[Time "13:03:26"]
[TimeControl "2700+45"]

1. e4 c5 2. Nf3 d6 3. d4 cxd4 4. Nxd4 Nf6 5. Nc3 g6 6. f3 Bg7 7. Be3 O-O 8. Qd2
Nbd7 9. O-O-O Qa5 10. Nb3 Qc7 11. g4 Ne5 12. Nd4 a6 13. h4 Nfxg4 14. fxg4 Bxg4
15. Be2 h5 16. Nd5 Qd8 17. b3 e6 18. Nf4 Qe7 19. Nd3 a5 20. Nxe5 Bxe5 21. Bxg4
hxg4 22. h5 g5 23. Bxg5 f6 24. Bf4 Rfc8 25. Bxe5 dxe5 26. Ne2 Kh7 27. Nc3 Rd8
28. Qe2 Qa3+ 29. Kb1 Qe7 30. Qxg4 Rxd1+ 31. Rxd1 f5 32. Qg6+ Kh8 33. Qh6+ Qh7
34. Qf6+ Qg7 35. Qxe6 f4 36. h6 Qg8 37. Qxe5+ Kh7 38. Qxf4 Rf8 39. Rd7+ Rf7 40.
Rxf7+ {Black resigns} 1-0

[Event "Team 45 45 League T62"]
[Site "Internet Chess Club"]
[Date "2014.08.29"]
[Round "1"]
[White "mongmong"]
[Black "SALJOMA"]
[Result "1-0"]
[WhiteElo "1594"]
[BlackElo "1429"]
[Opening "Colle system"]
[ECO "D05"]
[Time "20:04:18"]
[TimeControl "2700+45"]

1. d4 d5 2. Nf3 e6 3. e3 Nf6 4. Bd3 c5 5. c3 Nc6 6. Nbd2 c4 7. Bc2 Bd6 8. O-O
Qc7 9. Qe2 O-O 10. e4 dxe4 11. Nxe4 Nxe4 12. Qxe4 g6 13. Qe2 Re8 14. Qxc4 Bd7
15. Re1 Rac8 16. Be3 Qd8 17. Qe2 Qe7 18. Bd2 Na5 19. Bb3 Nxb3 20. axb3 a6 21.
Ne5 Kg7 22. Nxd7 Qxd7 23. Qg4 Qc7 24. h3 h5 25. Qf3 Qc6 26. Qxc6 Rxc6 27. Re2
Rb6 28. b4 a5 29. Rxa5 Kf8 30. Bg5 Kg7 31. f3 f6 32. Bh4 e5 33. Bf2 Kf7 34. dxe5
Rc6 35. Bd4 fxe5 36. Bxe5 Bc7 37. Rb5 Rb6 38. Rxb6 Bxb6+ 39. Kf1 Bc7 40. Bxc7
Rc8 41. Bb6 Rc6 42. Bd4 Ra6 43. Kf2 Rc6 44. Ke3 Re6+ 45. Kd3 Rd6 46. b3 b6 47.
c4 Rd7 48. c5 bxc5 49. bxc5 Rc7 50. b4 Rb7 51. Kc4 Rc7 52. b5 Rb7 53. c6 Rc7 54.
Kc5 Rc8 55. b6 Rb8 56. c7 Rc8 57. Kc6 Rg8 58. b7 Kf8 59. c8=Q+ Kf7 60. Qxg8+
Kxg8 61. b8=Q+ Kh7 62. Qh8# {Black checkmated} 1-0

[Event "Team 45 45 League T62"]
[Site "Internet Chess Club"]
[Date "2014.08.27"]
[Round "1"]
[White "drsigmund1"]
[Black "CaptK"]
[Result "0-1"]
[WhiteElo "1573"]
[BlackElo "1706"]
[Opening "King's Indian: London system"]
[ECO "A48"]
[Time "20:27:55"]
[TimeControl "2700+45"]

1. d4 Nf6 2. Nf3 g6 3. Bf4 Bg7 4. e3 d6 5. Be2 O-O 6. O-O Nh5 7. Bg5 h6 8. Bh4
g5 9. Nfd2 gxh4 10. Bxh5 c5 11. c3 Nc6 12. Nf3 h3 13. Nbd2 hxg2 14. Kxg2 Kh8 15.
Rg1 Be6 16. Ne4 cxd4 17. exd4 Qa5 18. Nfd2 Rg8 19. Kh1 f5 20. Ng3 Bd5+ 21. f3 f4
22. Nge4 Bxe4 23. fxe4 Raf8 24. Qf3 Bf6 25. Qh3 Bg5 26. Nf3 Rg7 27. Nxg5 Rxg5
28. Rxg5 Qxg5 29. Rg1 Qa5 30. Qe6 Qxh5 {White resigns} 0-1

[Event "Team 45 45 League T62"]
[Site "Internet Chess Club"]
[Date "2014.09.02"]
[Round "1"]
[White "GideonL"]
[Black "JOFRAN"]
[Result "0-1"]
[WhiteElo "1372"]
[BlackElo "1372"]
[Opening "Caro-Kann: Steinitz variation"]
[ECO "B17"]
[Time "09:00:09"]
[TimeControl "2700+45"]

1. e4 c6 2. d4 d5 3. Nc3 dxe4 4. Nxe4 Nd7 5. Nf3 Ngf6 6. Ng3 e6 7. c3 Bd6 8. Bg5
h6 9. Bxf6 Nxf6 10. Bd3 Qb6 11. Qc2 c5 12. dxc5 Bxc5 13. O-O O-O 14. Rad1 Bd7
15. Ne4 Nxe4 16. Bxe4 Rfd8 17. b3 Bc6 18. Bxc6 Qxc6 19. c4 a5 20. Rxd8+ Rxd8 21.
Rd1 Rd6 22. Rxd6 Qxd6 23. Qd2 Qxd2 24. Nxd2 f5 25. Kf1 Kf7 26. Ke2 Kf6 27. h3 g5
28. Nf3 e5 29. Ne1 e4 30. Nc2 Ke5 31. a3 f4 32. b4 axb4 33. axb4 Bd4 34. g3 f3+
35. Ke1 h5 36. g4 Bc3+ 37. Kd1 hxg4 38. hxg4 Kf4 39. Ne3 Bd4 40. Nd5+ Kxg4 41.
Ke1 Kh3 42. Kf1 g4 43. Nf4+ Kh2 44. Nh5 e3 45. fxe3 Bxe3 46. Nf6 Kh3 47. Nd5 Bd4
48. Nf4+ Kh2 49. Ne6 Be3 50. Ng7 g3 51. Nf5 g2+ 52. Ke1 g1=Q# {White checkmated}
0-1

[Event "Team 45 45 League T62"]
[Site "Internet Chess Club"]
[Date "2014.09.01"]
[Round "1"]
[White "smsxman"]
[Black "sdcohle"]
[Result "1/2-1/2"]
[WhiteElo "1365"]
[BlackElo "1389"]
[Opening "French defense"]
[ECO "C00"]
[Time "10:15:17"]
[TimeControl "2700+45"]

1. e4 e6 2. Nf3 d5 3. exd5 exd5 4. d4 Nf6 5. Nc3 c6 6. Be2 Bd6 7. O-O O-O 8. a3
Re8 9. Re1 Qc7 10. g3 Bg4 11. Bg5 Nbd7 12. Bxf6 Nxf6 13. Qd3 h6 14. b4 b6 15.
Bf1 b5 16. Bg2 Qd7 17. Ne5 Bxe5 18. dxe5 Bf5 19. Qd2 Nh7 20. h4 Bh3 21. f4 Qg4
22. Nd1 Qxg3 23. Qf2 Qxg2+ 24. Qxg2 Bxg2 25. Kxg2 g6 26. Rg1 Nf8 27. Kf3 Re6 28.
Nf2 h5 29. Nd3 Nd7 30. Rae1 Rae8 31. Re2 Kh7 32. c3 f5 33. Rge1 a6 34. Nf2 Kg7
35. Nh3 Nb6 36. Ng5 R6e7 37. Ra1 Na4 38. Rc2 Nb6 39. Ke3 Nc4+ 40. Kd4 Rc8 41.
Re2 Rcc7 42. Kc5 Rc8 43. Raa2 Rcc7 44. Ra1 Rc8 45. Raa2 Rcc7 46. Ra1 Rc8 47. Nf3
Kf7 48. Ng5+ Kg7 49. Raa2 Rcc7 50. Ra1 {Game drawn by repetition} 1/2-1/2

[Event "Team 45 45 League T62"]
[Site "Internet Chess Club"]
[Date "2014.08.30"]
[Round "1"]
[White "Invicta-Knight"]
[Black "ethan0627"]
[Result "1-0"]
[WhiteElo "1480"]
[BlackElo "1412"]
[Opening "King's pawn game"]
[ECO "C21"]
[Time "10:18:36"]
[TimeControl "2700+45"]

1. e4 e5 2. d4 d6 3. dxe5 dxe5 4. Qxd8+ Kxd8 5. Nf3 Nc6 6. Bb5 Nd4 7. Nxd4 exd4
8. Nd2 Bc5 9. Nb3 Bb6 10. Bd2 Ne7 11. O-O-O a6 12. Bc4 Be6 13. Bxe6 fxe6 14. Ba5
e5 15. Bxb6 cxb6 16. Nd2 Rf8 17. f3 Nc6 18. Nc4 Kc7 19. Rd3 b5 20. Nd2 Nb4 21.
Rb3 Nc6 22. g3 Rad8 23. Rf1 Rde8 24. f4 g6 25. Rbf3 Kd6 26. fxe5+ Ke7 27. Rxf8
Rxf8 28. Rxf8 Kxf8 29. Nf3 Ke7 30. Kd2 Ke6 31. Kd3 Nxe5+ 32. Nxe5 Kxe5 33. h3 h5
34. h4 b6 35. c3 dxc3 36. bxc3 a5 37. a3 a4 38. Ke3 Kf6 39. Kd4 g5 40. Kd5 gxh4
41. gxh4 Ke7 42. Ke5 Kd7 43. Kf6 Ke8 44. e5 b4 45. cxb4 b5 46. Ke6 Kd8 47. Kf7
Kd7 48. e6+ Kd6 49. e7 Kd5 50. e8=Q Kc4 51. Qe3 Kd5 52. Qc5+ Ke4 53. Qxh5 Kd4
54. Qc5+ Ke4 55. h5 Kd3 56. h6 Ke4 57. h7 Kf3 58. h8=Q Kg4 59. Qhd4+ Kg3 60.
Qcc3+ Kg2 61. Qdd2+ Kg1 62. Qcc1# {Black checkmated} 1-0

[Event "Team 45 45 League T62"]
[Site "Internet Chess Club"]
[Date "2014.08.28"]
[Round "1"]
[White "chesschessboy"]
[Black "BrerRabbit"]
[Result "0-1"]
[WhiteElo "1360"]
[BlackElo "1496"]
[Opening "Pirc: Ufimtsev-Pytel variation"]
[ECO "B07"]
[Time "19:00:58"]
[TimeControl "2700+45"]

1. e4 d6 2. d4 Nf6 3. Nc3 c6 4. Nf3 Bg4 5. Be2 e6 6. Bg5 Be7 7. h3 Bh5 8. Qd3
O-O 9. g4 Bg6 10. O-O-O Nxe4 11. Nxe4 d5 12. Bxe7 Qxe7 13. Ne5 Bxe4 14. Qe3 Bxh1
15. Rxh1 Nd7 16. Nxd7 Qxd7 17. h4 Rfe8 18. h5 Qe7 19. f4 f6 20. Bd3 e5 21. Bg6
exf4 22. Qxe7 Rxe7 23. Bf5 Rae8 24. Kd1 h6 25. Bg6 Rd8 26. Rf1 Re4 27. Bxe4 dxe4
28. Rxf4 Rxd4+ 29. Ke2 Kf7 30. Ke3 Rd1 31. Rxe4 Ra1 32. Ra4 a6 33. Kd4 Rc1 34.
c3 Re1 35. Kc5 g6 36. hxg6+ Kxg6 37. Kb6 Re7 38. Ra5 Re5 39. Ra4 Rb5+ {White
resigns} 0-1

[Event "Team 45 45 League T62"]
[Site "Internet Chess Club"]
[Date "2014.08.29"]
[Round "1"]
[White "fuzzface"]
[Black "smsxman"]
[Result "1/2-1/2"]
[WhiteElo "1361"]
[BlackElo "1374"]
[Opening "QGD: 4.Bg5 Be7"]
[ECO "D53"]
[Time "09:59:50"]
[TimeControl "2700+45"]

1. d4 d5 2. c4 Nf6 3. Nc3 e6 4. Bg5 Be7 5. e3 Nc6 6. Nf3 Bd7 7. c5 O-O 8. Bb5 a6
9. Bxc6 Bxc6 10. O-O Ne4 11. Bxe7 Qxe7 12. Nxe4 dxe4 13. Ne5 f6 14. Nxc6 bxc6
15. b4 Rfd8 16. Qb3 Kh8 17. a4 e5 18. Rfd1 f5 19. Qc2 exd4 20. Rxd4 h6 21. Rad1
Rxd4 22. Rxd4 Qf6 23. h3 Kh7 24. g4 Re8 25. Qc4 Rd8 26. Rxd8 Qxd8 27. gxf5 Qg5+
28. Kf1 Qxf5 29. Qxa6 Qxh3+ 30. Ke2 Qh5+ 31. Ke1 Qd5 32. Qc8 Qe5 33. Qd7 Qa1+
34. Qd1 Qc3+ 35. Qd2 Qa1+ 36. Qd1 Qa3 37. Qd4 Qxa4 38. Qxe4+ Kg8 39. Qe6+ Kh7
40. Qf5+ Kg8 41. Qc8+ Kh7 42. Qxc7 Qxb4+ 43. Kf1 Qxc5 44. Qf4 Qc1+ 45. Kg2 Qc2
46. e4 c5 47. Qf5+ Kh8 48. Qf8+ Kh7 49. Qf5+ Kg8 50. Qe6+ Kh8 51. Qc8+ Kh7 52.
Qf5+ Kg8 53. Qe6+ Kh8 54. Qc8+ Kh7 55. Qf5+ Kh8 56. Qf8+ Kh7 57. Qf5+ Kh8 58.
Qc8+ {Game drawn by repetition} 1/2-1/2

[Event "Team 45 45 League T62"]
[Site "Internet Chess Club"]
[Date "2014.08.30"]
[Round "1"]
[White "Leon13"]
[Black "Kandor"]
[Result "1-0"]
[WhiteElo "1403"]
[BlackElo "1271"]
[Opening "Sicilian: closed"]
[ECO "B23"]
[Time "17:00:11"]
[TimeControl "2700+45"]

1. e4 c5 2. Nc3 d6 3. Bb5+ Bd7 4. a4 Nc6 5. f4 a6 6. Bc4 Nf6 7. Nge2 g6 8. O-O
Bg7 9. f5 Ne5 10. Bb3 Bc6 11. d3 O-O 12. Bg5 h6 13. Bf4 Kh7 14. Kh1 g5 15. Bd2
d5 16. Ng3 Neg4 17. Qe2 Rg8 18. e5 Nxe5 19. Qxe5 d4 20. Nd1 Ne4 21. f6 exf6 22.
Qf5+ {Black resigns} 1-0

[Event "Team 45 45 League T62"]
[Site "Internet Chess Club"]
[Date "2014.08.29"]
[Round "1"]
[White "Rococo"]
[Black "Fogbound"]
[Result "0-1"]
[WhiteElo "1194"]
[BlackElo "1225"]
[Opening "Queen's pawn: London system"]
[ECO "A45"]
[Time "14:01:53"]
[TimeControl "2700+45"]

1. d4 Nf6 2. Bf4 e6 3. Nf3 b6 4. e3 Bb7 5. Nbd2 Be7 6. Bd3 d6 7. c3 O-O 8. Qc2
Re8 9. O-O-O a5 10. e4 Ng4 11. Rdf1 Nf6 12. e5 Nd5 13. Bxh7+ Kf8 14. Bg3 Nc6 15.
Be4 Ndb4 16. Qb1 d5 17. Bd3 Nxd3+ 18. Qxd3 Ba6 19. Qh7 Bg5 20. Qh8+ Ke7 21. Qxg7
Rg8 22. Qh7 Kd7 23. Rd1 Be2 24. Rde1 Bxf3 25. Qxf7+ Qe7 26. Qxf3 Raf8 27. Qe2 b5
28. Qxb5 Rb8 29. Qa4 Bxd2+ 30. Kxd2 Rxb2+ 31. Kd3 Qh7+ 32. Re4 Qxe4# {White
checkmated} 0-1

[Event "Team 45 45 League T62"]
[Site "Internet Chess Club"]
[Date "2014.08.31"]
[Round "1"]
[White "oldbookseller"]
[Black "jaybird44"]
[Result "0-1"]
[WhiteElo "1041"]
[BlackElo "1166"]
[Opening "Queen's pawn game"]
[ECO "D04"]
[Time "18:00:23"]
[TimeControl "2700+45"]

1. d4 d5 2. Nf3 Nf6 3. e3 c5 4. c3 Nc6 5. Be2 Bf5 6. Nbd2 e6 7. O-O Bd6 8. a3
O-O 9. Nb3 Ng4 10. g3 b6 11. Bb5 Qc7 12. Be2 c4 13. Nbd2 e5 14. b3 exd4 15. exd4
b5 16. bxc4 bxc4 17. Qa4 Bd7 18. Nxc4 Na5 19. Qc2 dxc4 20. Ng5 Nf6 21. Be3 g6
22. d5 Nxd5 23. Bd4 Nb3 24. Ne4 Be7 25. Rab1 Nxd4 26. cxd4 Bf5 27. Bxc4 Bxe4 28.
Qxe4 Qxc4 29. Rfe1 Nc3 30. Qxe7 Nxb1 31. Rxb1 Rfe8 32. Qf6 Re6 33. Qf3 Rae8 34.
d5 Re1+ 35. Rxe1 Rxe1+ 36. Kg2 Rd1 37. Qxd1 Qe4+ 38. Kh3 g5 39. d6 g4+ 40. Kh4
f5 41. d7 Qe7+ 42. Kh5 Qf7+ 43. Kh6 Qg6# {White checkmated} 0-1

[Event "Team 45 45 League T62"]
[Site "Internet Chess Club"]
[Date "2014.08.29"]
[Round "1"]
[White "KingOfClubs"]
[Black "mindstorm"]
[Result "1-0"]
[WhiteElo "1348"]
[BlackElo "1482"]
[Opening "Sicilian"]
[ECO "B50"]
[Time "19:02:07"]
[TimeControl "2700+45"]

1. e4 c5 2. Nf3 d6 3. Bc4 Nf6 4. d3 g6 5. e5 dxe5 6. Nxe5 e6 7. Bg5 Bg7 8. Bb5+
Nbd7 9. Qf3 Ke7 10. Bxd7 Bxd7 11. Qxb7 h6 12. Nc6+ Ke8 13. Nxd8 Rxd8 14. Bxf6
Bxf6 15. O-O Ke7 16. Nc3 Rb8 17. Qxa7 Bd4 18. Rae1 Kf6 19. Qxd7 Rb3 {Black
resigns} 1-0

[Event "Team 45 45 League T62"]
[Site "Internet Chess Club"]
[Date "2014.08.29"]
[Round "1"]
[White "srikrish"]
[Black "arconia"]
[Result "0-1"]
[WhiteElo "1134"]
[BlackElo "1287"]
[Opening "Sicilian defense"]
[ECO "B30"]
[Time "21:00:33"]
[TimeControl "2700+45"]

1. e4 c5 2. Nf3 Nc6 3. Bc4 e6 4. O-O Be7 5. Nc3 a6 6. a3 b5 7. Ba2 Bb7 8. d3 d6
9. Re1 Nf6 10. Bg5 O-O 11. Rb1 h6 12. Bh4 Nh7 13. Bg3 Ng5 14. Nh4 Nd4 15. Ne2
Kh8 16. Nxd4 cxd4 17. c3 e5 18. cxd4 exd4 19. Nf5 Ne6 20. e5 d5 21. a4 Bc8 22.
Qe2 Nc5 23. Nxd4 Ne6 24. Nc6 Qd7 25. Rbc1 Bb7 26. Qc2 Rac8 27. d4 Nxd4 28. Qd3
Nxc6 29. e6 fxe6 30. Bb1 Rf5 31. axb5 Nb4 32. Rxc8+ Bxc8 33. Qe3 d4 34. Qe4 d3
35. Be5 Bb7 36. Qg4 Rg5 37. Qh3 Rxg2+ 38. Kf1 Bc5 39. bxa6 Rxf2+ 40. Kg1 Rf5+
41. Re3 Rg5+ 42. Kf1 Bg2+ 43. Qxg2 Rxg2 44. Kxg2 Bxe3 45. Kf3 Bg5 46. Bb8 d2 47.
a7 d1=Q+ 48. Ke4 Q7d4# {White checkmated} 0-1

[Event "Team 45 45 League T62"]
[Site "Internet Chess Club"]
[Date "2014.08.31"]
[Round "1"]
[White "stantheman59"]
[Black "princevultan2"]
[Result "1/2-1/2"]
[WhiteElo "1239"]
[BlackElo "1135"]
[Opening "Giuoco Piano: four knights variation"]
[ECO "C47"]
[Time "19:02:54"]
[TimeControl "2700+45"]

1. e4 e5 2. Nf3 Nc6 3. Nc3 Nf6 4. Bc4 Bc5 5. a3 O-O 6. b4 Bb6 7. O-O a6 8. Rb1
d6 9. d3 Bg4 10. Be3 Bd4 11. Nd5 b5 12. Bb3 Rb8 13. c3 Bxe3 14. Nxe3 Bd7 15. Ng5
Ng4 16. Nf3 Nxe3 17. fxe3 Qe7 18. Bc2 f5 19. Qe1 fxe4 20. dxe4 Ra8 21. Bb3+ Kh8
22. Bd5 a5 23. bxa5 Rxa5 24. Rb3 Ra4 25. Qb1 Na7 26. Qb2 Rb8 27. Rb4 Rxb4 28.
Qxb4 Bc6 29. Qa5 Rb7 30. Qa6 Bxd5 31. exd5 Rb8 32. Qxa7 Rf8 33. Nd2 Kg8 34.
Rxf8+ Kxf8 35. Qb8+ Kf7 36. Qxb5 Kf6 37. a4 Qd8 38. a5 Qa8 39. a6 Qa7 40. Qb7
Qxe3+ 41. Kf1 Qxd2 42. Qb5 Qd1+ 43. Kf2 Qd2+ 44. Qe2 Qc1 45. Qf3+ Ke7 46. Qe3
Qc2+ 47. Kf3 Qf5+ 48. Ke2 Qc2+ 49. Qd2 Qe4+ 50. Kf1 Qf5+ 51. Qf2 Qb1+ 52. Qe1
Qa2 53. Qe2 Qa5 54. Qd3 g6 55. Kf2 Qb6+ 56. Ke2 Kd8 57. h4 Kc8 58. Kf3 Kd7 59.
h5 gxh5 60. Qxh7+ Kd8 61. Qg8+ Kd7 62. Qe6+ Kd8 63. Qg8+ Kd7 64. Qe6+ Kd8 65.
Qg8+ {Game drawn by repetition} 1/2-1/2

[Event "Team 45 45 League T62"]
[Site "Internet Chess Club"]
[Date "2014.09.01"]
[Round "1"]
[White "RockingCHESS"]
[Black "chips"]
[Result "1-0"]
[WhiteElo "1164"]
[BlackElo "1130"]
[Opening "Queen's pawn game"]
[ECO "D05"]
[Time "10:34:02"]
[TimeControl "2700+45"]

1. d4 d5 2. Nf3 Nf6 3. e3 e6 4. c4 Bb4+ 5. Nc3 Bxc3+ 6. bxc3 c6 7. Bb2 O-O 8.
Bd3 Nbd7 9. O-O dxc4 10. Bxc4 Nb6 11. Bd3 Nbd7 12. c4 a6 13. Rc1 Qb6 14. Qe2 c5
15. Rb1 cxd4 16. Bxd4 Qd8 17. Rfd1 a5 18. Ne5 Qc7 19. Nxd7 Nxd7 20. Qg4 g6 21.
Qg5 f6 22. Qg3 Qxg3 23. fxg3 e5 24. Bc3 Nc5 25. Be2 Ne4 26. Ba1 Bf5 27. Rxb7
Rfb8 28. Rxb8+ Rxb8 29. g4 Be6 30. h3 Ng3 31. Bf3 e4 32. Kf2 exf3 33. Kxg3 Bxc4
34. gxf3 Bxa2 35. Bxf6 Bb3 36. Rd7 a4 37. h4 a3 38. h5 gxh5 39. gxh5 a2 40. h6
Ra8 41. Rg7+ Kf8 42. Rxh7 a1=Q 43. Bxa1 Rxa1 44. Rc7 Rh1 45. h7 Ke8 46. Kg4 Bc2
47. e4 Kf8 48. Kf5 Ke8 49. f4 Rh5+ 50. Kg6 Rh1 51. f5 Bxe4 52. Kg7 Bxf5 53.
h8=Q+ Rxh8 54. Kxh8 Bd7 55. Kg7 Ke7 56. Kg6 Ke6 57. Kg5 Kd6 58. Rc2 Ba4 59. Re2
Bb5 60. Re3 Kc5 61. Kf5 Bd7+ 62. Kf6 Bb5 63. Ke5 Bc4 64. Re1 Bg8 65. Rc1+ Bc4
66. Rd1 Kb4 67. Kd4 Bb3 68. Rc1 Ka3 69. Kc3 Bg8 70. Ra1+ Ba2 71. Kc2 Kb4 72.
Rxa2 Kc4 73. Ra4+ Kb5 74. Kb3 Kc5 75. Kc3 Kb5 76. Rf4 Ka5 77. Kb3 Kb5 78. Rf5+
Kc6 79. Kc4 Kd6 80. Ra5 Kc6 81. Ra6+ Kb7 82. Kb5 Kc7 83. Rg6 Kd7 84. Kc5 Ke7 85.
Kd5 Kf7 86. Rc6 Ke7 87. Rb6 Kd7 88. Rb7+ Kc8 89. Kc6 Kd8 90. Rh7 Ke8 91. Kd6 Kf8
92. Ke6 Kg8 93. Rd7 Kh8 94. Kf6 Kg8 95. Kg6 Kf8 96. Rh7 Ke8 97. Kf6 Kd8 98. Ke6
Ke8 99. Rh8# {Black checkmated} 1-0